 Dungeon Crawl Stone Soup version 0.14.0-7-g2801ba0 (webtiles) character file.

1039 Mitsuki the Grappler (level 7, 51/54 (56) HPs)
             Began as a Ghoul Warper on Apr 13, 2014.
             Quit the game on Level 5 of the Dungeon.
             The game lasted 00:15:25 (4578 turns).

Mitsuki the Grappler (Ghoul Warper)                 Turns: 4578, Time: 00:15:25

HP  51/54 (56)   AC  9     Str 17      XL: 7   Next: 73%
MP  10/10        EV 11     Int  8      God:
Gold 308         SH  0     Dex  8      Spells:  2 memorised,  7 levels left

rFire  . . .     SeeInvis .       - Unarmed
rCold  + . .     Clarity  .     z - +3 leather armour (curse)
rNeg   + + +     Conserve .     (no shield)
rPois  +         rCorr    .     n - +0 helmet (curse)
rElec  .         rRot     +     q - +1 cloak
SustAb + .       Spirit   .     (no gloves)
rMut   .         Warding  .     (no boots)
Saprov + + +     Stasis   .     (no amulet)
MR     .....                    (no ring)
                                t - ring of sustain abilities

@: rotting, not resistant to hostile enchantments, very unstealthy
A: rotting body, claws 1, carnivore 3, cold resistance 1, life protection 3,
poison resistance, saprovore 3, slow healing 1, torment resistance, unbreathing
a: no special abilities


You were on level 5 of the Dungeon.
You were not hungry.

You visited 1 branch of the dungeon, and saw 5 of its levels.

You collected 373 gold pieces.
You spent 65 gold pieces at shops.

Inventory:

Missiles
 e - 15 darts (quivered)
 f - 10 darts of dispersal
Armour
 n - a cursed +0 helmet (worn)
 q - a +1 cloak (worn)
 z - a cursed +3 leather armour (worn)
Magical devices
 B - a wand of fireball (5)
Comestibles
 v - 2 chunks of worm flesh
 w - a rotting chunk of ogre flesh
 A - 3 rotting chunks of hobgoblin flesh
Scrolls
 a - 4 scrolls of enchant armour {unknown}
 b - a scroll of fear {unknown}
 d - 2 scrolls of blinking
 h - 4 scrolls of identify
 j - 7 scrolls of remove curse
 p - 3 scrolls of enchant weapon II {unknown}
 r - a scroll of immolation {unknown}
 s - a scroll of teleportation {unknown}
 x - 2 scrolls of magic mapping {unknown}
 y - a scroll of noise {unknown}
Jewellery
 t - a ring of sustain abilities (left claw)
Potions
 g - 2 potions of invisibility {unknown}
 i - 2 potions of beneficial mutation {unknown}
 k - 2 potions of restore abilities {unknown}
 l - a potion of haste {unknown}
 m - a potion of brilliance {unknown}
 o - 5 potions of curing {unknown}
 u - 5 potions of heal wounds {unknown}
 C - a potion of berserk rage {unknown}
Books
 c - a book of Spatial Translocations

   Spells                             Type                      Level
   *Apportation                       Translocation                1
   *Blink                             Translocation                2
   Shroud of Golubria                 Charms/Translocation         2
   Portal Projectile                  Translocation                3
   Teleport Other                     Translocation                3
   Passage of Golubria                Translocation                4


   Skills:
 - Level 2.8 Fighting
 - Level 0.8 Throwing
 - Level 0.8 Armour
 - Level 3.0 Dodging
 + Level 8.4 Unarmed Combat
 - Level 2.0 Spellcasting
 - Level 3.0 Translocations


You had 7 spell levels left.
You knew the following spells:

 Your Spells              Type           Power        Failure   Level  Hunger
a - Apportation           Tloc           #.........   12%         1    ##.....
b - Blink                 Tloc           N/A          17%         2    ###....


Dungeon Overview and Level Annotations

Branches:
Dungeon (5/15)             Temple (0/1) D:5

Altars:
Dithmenos
Kikubaaqudgha
Yredelemnul
The Shining One

Shops:
D:5 *


Innate Abilities, Weirdness & Mutations

Your body is rotting away.
You have sharp fingernails.
You are carnivorous and can eat meat at any time.
Your flesh is cold resistant.
You are immune to negative energy.
Your system is resistant to poisons.
You thrive on rotten meat.
You heal slowly when monsters are visible.
You are immune to unholy pain and torment.
You can survive without breathing.


Message History

You hit the worm but do no damage.
The worm is heavily wounded.
The worm closely misses you.
You claw the worm!
The worm is almost dead.
You claw the worm!
You kill the worm!
No target in view!
No target in view!
You see here a worm corpse.
You start butchering the worm corpse.
You continue butchering the corpse.
You continue butchering the corpse. x2
You finish butchering the worm corpse.
v - 2 chunks of worm flesh
Found a stone staircase leading down.
Found a stone staircase leading down.
Found a stone staircase leading down.
Done exploring.
Done exploring.
Are you sure you want to abandon this character and quit the game? (Confirm with "yes".)

#.....................
#..................###
#>................## #
#>................#
#>............(...## #
#..................###
#.....................
#...........).........
#....@.......)........
##....................
##...................
##..................
##.................
##................
##...............
##..............
##..........%..


There were no monsters in sight!

Vanquished Creatures
  Menkaure (D:4)
  A phantom (D:4)
  2 ogres
  3 iguanas (D:4)
  3 worker ants (D:4)
  8 gnolls
  3 adders
  2 worms
  2 giant geckos
  2 oozes
  5 orcs
  A ball python (D:2)
  7 bats
  11 goblins
  13 hobgoblins
  4 jackals (D:2)
  12 kobolds
  A quokka (D:4)
  5 giant cockroaches
  3 giant newts
  2 orc skeletons (D:4)
  12 rats
103 creatures vanquished.

Notes
Turn   | Place    | Note
--------------------------------------------------------------
     0 | D:1      | Mitsuki, the Ghoul Warper, began the quest for the Orb.
     0 | D:1      | Reached XP level 1. HP: 17/17 MP: 2/2
   298 | D:1      | Reached XP level 2. HP: 18/24 MP: 3/3
  1180 | D:1      | Reached XP level 3. HP: 18/29 MP: 6/6
  1208 | D:1      | Reached skill level 3 in Translocations
  1646 | D:2      | Reached XP level 4. HP: 20/37 MP: 6/6
  2059 | D:2      | Learned a level 2 spell: Blink
  2663 | D:3      | Found a basalt altar of Yredelemnul.
  2696 | D:3      | Reached XP level 5. HP: 42/44 MP: 8/8
  3132 | D:4      | Reached skill level 4 in Unarmed Combat
  3143 | D:4      | Noticed a phantom
  3171 | D:4      | Killed a phantom
  3171 | D:4      | Reached skill level 5 in Unarmed Combat
  3171 | D:4      | Reached XP level 6. HP: 22/50 MP: 9/9
  3329 | D:4      | Noticed an ogre
  3338 | D:4      | Killed an ogre
  3404 | D:4      | Reached skill level 6 in Unarmed Combat
  3541 | D:4      | Noticed Menkaure
  3553 | D:4      | Killed Menkaure
  3553 | D:4      | Reached XP level 7. HP: 35/55 MP: 10/10
  3612 | D:4      | Reached skill level 7 in Unarmed Combat
  4124 | D:5      | Entered Level 5 of the Dungeon
  4147 | D:5      | Reached skill level 8 in Unarmed Combat
  4206 | D:5      | Found Suicocud's General Store.
  4230 | D:5      | Bought a scroll of remove curse for 39 gold pieces
  4230 | D:5      | Bought a scroll of identify for 26 gold pieces
  4253 | D:5      | Found a glowing golden altar of the Shining One.
  4253 | D:5      | Found a shadowy altar of Dithmenos.
  4254 | D:5      | Found an ancient bone altar of Kikubaaqudgha.
  4491 | D:5      | Found a staircase to the Ecumenical Temple.
  4578 | D:5      | Quit the game

Action                   |  1- 3 |  4- 6 |  7- 9 || total
-------------------------+-------+-------+-------++-------
Melee: Unarmed           |   156 |   204 |   126 ||   486
 Cast: Blink             |       |     1 |       ||     1
Evoke: Wand              |       |       |     1 ||     1
  Use: Scroll            |       |       |     2 ||     2
